 Dungeon Crawl Stone Soup version 0.26-b1-32-g5d43845318 (webtiles) character file.

Game seed: 4540572309055591965

58 inmateoo the Sneak (level 3, -4/33 HPs)
             Began as a Minotaur Delver on Jan 13, 2021.
             Asphyxiated
             ... on level 2 of the Dungeon.
             The game lasted 00:01:40 (1329 turns).

inmateoo the Sneak (Minotaur Delver)                Turns: 1329, Time: 00:01:41

Health: -4/33      AC:  9    Str: 17    XL:     3   Next: 75%
Magic:  2/2        EV:  7    Int:  7    God:
Gold:   98         SH:  3    Dex: 11    Spells: 2/2 levels left

rFire    . . .     SeeInvis .   m - +2 whip (elec)
rCold    . . .     Faith    .   h - +0 buckler
rNeg     . . .     Spirit   .   j - +1 chain mail
rPois    .         Reflect  .   (helmet restricted)
rElec    .         Harm     .   (no cloak)
rCorr    .         Rampage  .   (no gloves)
Will     .....                  (no boots)
Stlth    ..........             (no amulet)
HPRegen  0.11/turn              b - ring of attention
MPRegen  0.08/turn              (no ring)

@: lethally poisoned (-4 -> -39), slowed, very slow
A: retaliatory headbutt, horns 2
a: no special abilities


You were on level 2 of the Dungeon.
You visited 1 branch of the dungeon, and saw 5 of its levels.

You collected 98 gold pieces.

Inventory:

Hand Weapons
 a - a +0 hand axe
 m - a +2 whip of electrocution (weapon)
Armour
 h - a +0 buckler (worn)
 j - a +1 chain mail (worn)
Jewellery
 b - a ring of attention (left hand)
Wands
 g - a wand of digging (3)
Scrolls
 c - a scroll of fog
 d - a scroll of magic mapping
 e - a scroll of fear
 o - a scroll of amnesia
Potions
 f - a potion of haste
 i - a potion of curing


   Skills:
 + Level 4.0 Fighting
 * Level 3.5 Axes
 + Level 1.4 Armour
 + Level 2.6 Dodging
 - Level 4.1 Stealth
 + Level 1.5 Shields


You had 2 spell levels left.
You didn't know any spells.
Your spell library was empty.

Dungeon Overview and Level Annotations

Branches:
Dungeon (5/15)
 Temple: D:4-7

Altars:


Innate Abilities, Weirdness & Mutations

You reflexively headbutt those who attack you in melee.
You have a pair of horns on your head.


Message History

You miss the leopard gecko.
You feel sick. The bat barely misses you. You furiously retaliate!
You headbutt the bat.
You kill the bat!
The hobgoblin throws a curare-tipped dart.
The curare-tipped dart hits you.
You are lethally poisoned!
You have difficulty breathing.
* * * LOW HITPOINT WARNING * * *
You feel as though you will be slow longer.
The leopard gecko barely misses you. You furiously retaliate!
You headbutt the leopard gecko!
You kill the leopard gecko!
The dart slug launches a dart at you. The slug dart hits you.
* * * LOW HITPOINT WARNING * * *
The hobgoblin throws a curare-tipped dart.
The curare-tipped dart hits you.
You are more poisoned.
You have difficulty breathing.
You die...

.. ... #
... ...
.. ..w
.... #.#
..<.
#g.#
....
#.(###
.###
#.@.##
###..# .
##.# ..
#.# #.
#.###
#.##
#...###
#...#
###.(.##
#..
###..#
###
##.##
###..


You could see a dart slug and a hobgoblin.

Vanquished Creatures
  An adder (D:2)
  An ooze (D:1)
  A worm (D:2)
  A dart slug (D:1)
  3 leopard geckos
  An orc (D:3)
  6 bats
  3 giant cockroaches
  5 goblins (D:1)
  3 hobgoblins
  A ball python (D:1)
  6 frilled lizards
  5 kobolds
  4 rats
41 creatures vanquished.

Notes
Turn   | Place    | Note
-------+----------+-------------------------------------------
     0 | D:5      | inmateoo the Minotaur Delver began the quest for the Orb.
     0 | D:5      | Reached XP level 1. HP: 19/19 MP: 0/0
    85 | D:4      | Noticed a hound
    85 | D:4      | Noticed an orc wizard
   600 | D:2      | Reached XP level 2. HP: 19/27 MP: 1/1
   731 | D:1      | Reached skill level 1 in Shields
   786 | D:1      | Reached skill level 1 in Armour
  1058 | D:1      | Reached XP level 3. HP: 33/33 MP: 2/2
  1329 | D:2      | Asphyxiated

Illustrated notes

Levels and vault maps discovered:
D:1:      tarquinn_simple_flora_water_b, layout_rooms
D:2:      layout_rooms, cheibriados_altar_1, nicolae_gozag_seed_capital,
          chequers_serial_rivers_marsh, uniq_jessica
D:3:      layout_loops_ring, minmay_fractal_squares_gapless_5, uniq_terence,
          uniq_ijyb
D:4:      layout_gridville, minmay_temple_entry_statues_pillars, uniq_natasha
D:5:      cheibrodos_fertilizer, layout_rooms, eat_drink_and_be_merry_uskayaw,
          basic_altar, uniq_blork_the_orc, uniq_sigmund, uniq_prince_ribbit1

Skill      XL: |  1  2  3 |
---------------+----------+-----
Axes           | 3 |  3.5
Shields        | 1 |  1.5
Armour         | 1 |  1.4
Fighting       | 4 |  4.0
Dodging        | |  2.6
Stealth        | |  4.1

Action                   || total
-------------------------++-------
Melee: Hand axe          ||    25
       Headbutt          ||    12
       Whip              ||    67
  Use: Scroll            ||     7
Armor: Chain mail        ||    50
       Leather armour    ||     2
Dodge: Dodged            ||    30
Block: Buckler           ||    11
